 Dungeon Crawl Stone Soup version 0.23.2-33-g5129a83184 (webtiles) character file.

Game seed: 2571303499427229599

1861 Sharpo the Cleaver (level 8, -6/69 HPs)
             Began as a Minotaur Gladiator on July 27, 2019.
             Was a Priest of Okawaru.
             Killed from afar by an electric eel (12 damage)
             ... with a bolt of electricity
             ... on level 6 of the Dungeon.
             The game lasted 00:10:58 (5406 turns).

Sharpo the Cleaver (Minotaur Gladiator)             Turns: 5406, Time: 00:10:58

Health: -6/69      AC:  9    Str: 24    XL:     8   Next: 89%
Magic:  9/9        EV: 11    Int:  5    God:    Okawaru [***...]
Gold:   330        SH: 10    Dex: 12    Spells: 7/7 levels left

rFire    + . .     SeeInvis .   a - +0 war axe
rCold    . . .     Gourm    +   o - +0 shield
rNeg     . . .     Faith    .   m - +0 ring mail
rPois    .         Spirit   .   c - +1 hat
rElec    .         Reflect  .   w - +0 cloak
rCorr    .         Harm     .   (no gloves)
MR       .....                  p - +0 pair of boots
Stlth    +.........             z - amulet "Cehydd" {Gourm rF+}
HPRegen  0.21/turn              l - +3 ring of strength
MPRegen  0.11/turn              (no ring)

@: very slow
A: retaliatory headbutt, horns 2
a: Heroism, Renounce Religion


You were on level 6 of the Dungeon.
You worshipped Okawaru.
Okawaru was most pleased with you.
You were full.

You visited 1 branch of the dungeon, and saw 6 of its levels.

You collected 330 gold pieces.

Inventory:

Hand Weapons
 a - a +0 war axe (weapon)
 i - a +0 flail of holy wrath
Missiles
 d - 3 throwing nets
 x - 13 tomahawks (quivered)
Armour
 c - a +1 hat (worn)
 m - a +0 ring mail (worn)
 o - a +0 shield (worn)
 p - a +0 pair of boots (worn)
 w - a +0 cloak (worn)
Jewellery
 l - a +3 ring of strength (left hand)
 z - the amulet "Cehydd" (around neck) {Gourm rF+}
   (You found it on level 4 of the Dungeon)

   [amulet of the gourmand]

   It allows you to eat raw meat even when not hungry.
   It protects you from fire.
 B - an uncursed amulet of guardian spirit {unknown}
Wands
 b - a wand of scattershot (6)
 r - a wand of disintegration (14)
 y - a wand of random effects (7)
Scrolls
 e - 2 scrolls of remove curse
 g - 2 scrolls of enchant armour
 h - a scroll of fog
 j - a scroll of enchant weapon {unknown}
 q - a scroll of fear {unknown}
 s - a scroll of amnesia {unknown}
 t - 2 scrolls of teleportation {unknown}
 A - a scroll of random uselessness {unknown}
 D - a scroll of magic mapping {unknown}
Potions
 k - a potion of heal wounds
 n - a potion of agility
 u - a potion of brilliance {unknown}
 v - a potion of might {unknown}
 C - a potion of lignification {unknown}
 E - a potion of mutation {unknown}
Comestibles
 f - 11 rations


   Skills:
 + Level 5.4 Fighting
 * Level 8.0 Axes
 + Level 4.4 Throwing
 + Level 4.7 Armour
 + Level 5.6 Dodging
 + Level 4.4 Shields
 + Level 3.5 Invocations


You had 7 spell levels left.
You didn't know any spells.
Your spell library contained the following spells:

 Spells                   Type           Power        Failure   Level  Hunger
 Beastly Appendage        Tmut           #.....       97%         1    ##.....
 Freeze                   Ice            #...         97%         1    ##.....
 Sticks to Snakes         Tmut           #.......     99%         2    ###....
 Throw Frost              Conj/Ice       #.....       99%         2    ###....
 Ozocubu's Armour         Chrm/Ice       #.......     100%        3    ####...
 Spider Form              Tmut/Pois      #.........   100%        3    ####...
 Ice Form                 Ice/Tmut       #.......     100%        4    #####..
 Summon Ice Beast         Ice/Summ       #.......     100%        4    #####..
 Throw Icicle             Conj/Ice       #.......     100%        4    #####..
 Blade Hands              Tmut           #.........   100%        5    ######.


Dungeon Overview and Level Annotations

Branches:
Dungeon (6/15)
 Temple: D:4-7

Altars:
Cheibriados
Dithmenos
Elyvilon
Kikubaaqudgha
Okawaru
Qazlal
Trog
Wu Jian
Xom
Yredelemnul
The Shining One

Annotations:
D:5 Prince Ribbit


Innate Abilities, Weirdness & Mutations

You reflexively headbutt those who attack you in melee.
You have a pair of horns on your head.


Message History

You hit the electric eel but do no damage.
You hit the plant. You hit the plant but do no damage.
You miss the electric eel. You hit the plant. You slash the plant!
The electric eel shoots out a bolt of lightning at you!
The bolt of electricity hits you.
The electric eel shoots out a bolt of lightning at you!
The bolt of electricity hits you!
* * * LOW HITPOINT WARNING * * *
You hit the electric eel but do no damage.
You slash the plant! You hit the plant.
Your unstable footing causes you to fumble your attack.
You closely miss the electric eel. You hit the plant. x2
Your unstable footing causes you to fumble your attack.
The electric eel shoots out a bolt of lightning at you!
The bolt of electricity hits you!
* * * LOW HITPOINT WARNING * * *
You miss the electric eel. You hit the plant. x2
The electric eel shoots out a bolt of lightning at you!
The bolt of electricity hits you!
You die...

### #.# ..# #.# ## #.#
≈##
######.##########♣PP##
...............#≈≈≈≈≈#
#######.........≈P≈≈≈# #
#.........@≈P≈≈♣ #
#.........P;≈≈≈♣ #
#.....♣...P≈≈≈≈♣
#######....♣≈....≈≈≈≈≈#
.....##...♣♣≈≈...≈≈≈≈≈♣
.....+....♣P≈≈...≈≈≈≈≈≈♣
.....##..♣♣P≈≈...≈≈P≈≈≈♣
.....+.>.♣♣♣≈≈...≈≈≈≈≈♣♣
.....##..♣ ♣≈≈...≈PPPPP


You could see an electric eel.

Vanquished Creatures
  Pikel (D:5)
  Eustachio (D:4)
  Edmund (D:4)
  A slave (D:5)
  An ogre (D:4)
  A necrophage (D:5)
  A centaur (D:5)
  A phantom (D:5)
  Blork the orc (D:4)
  A bullfrog (D:6)
  2 scorpions
  Crazy Yiuf (D:3)
  An orc priest (D:3)
  A gnoll shaman (D:4)
  Jessica (D:3)
  An iguana (D:5)
  4 worker ants
  Natasha (thrice) (D:3)
  2 orc wizards (D:5)
  A worker ant zombie (D:5)
  4 gnolls
  A howler monkey skeleton (D:4)
  8 adders
  A shadow imp (D:5)
  2 oozes
  An adder skeleton (D:5)
  2 worms (D:3)
  4 dart slugs
  3 leopard geckos
  8 orcs
  3 ball pythons
  4 giant cockroaches
  6 goblins
  9 hobgoblins
  6 jackals
  3 quokkas
  11 bats
  6 frilled lizards
  6 kobolds
  8 rats
123 creatures vanquished.

Vanquished Creatures (others)
  A wizard (D:5)
  A slave (D:5)
2 creatures vanquished.

Grand Total: 125 creatures vanquished

Notes
Turn   | Place    | Note
-------+----------+-------------------------------------------
     0 | D:1      | Sharpo the Minotaur Gladiator began the quest for the Orb.
     0 | D:1      | Reached XP level 1. HP: 18/18 MP: 0/0
   156 | D:1      | Reached XP level 2. HP: 25/25 MP: 1/1
   242 | D:1      | Reached skill level 4 in Axes
   518 | D:1      | Reached skill level 1 in Armour
   519 | D:1      | Reached XP level 3. HP: 30/30 MP: 2/2
  1309 | D:2      | Reached XP level 4. HP: 36/38 MP: 3/3
  1332 | D:2      | Found an iron altar of Okawaru.
  1343 | D:2      | Became a worshipper of Warmaster Okawaru
  1402 | D:2      | Found a snail-covered altar of Cheibriados.
  1860 | D:3      | Found a white marble altar of Elyvilon.
  1887 | D:3      | Reached skill level 1 in Shields
  1971 | D:3      | Noticed Natasha
  1979 | D:3      | Killed Natasha
  1979 | D:3      | Reached XP level 5. HP: 42/45 MP: 4/4
  1982 | D:3      | Reached skill level 5 in Axes
  2141 | D:3      | Noticed Natasha
  2154 | D:3      | Killed Natasha
  2154 | D:3      | Reached skill level 1 in Invocations
  2160 | D:3      | Noticed Natasha
  2164 | D:3      | Killed Natasha
  2341 | D:3      | Noticed Jessica
  2344 | D:3      | Killed Jessica
  2344 | D:3      | Reached XP level 6. HP: 46/51 MP: 5/5
  2571 | D:3      | Found a runed translucent door.
  2572 | D:3      | Noticed Crazy Yiuf
  2886 | D:3      | Killed Crazy Yiuf
  2988 | D:4      | Noticed Eustachio
  2994 | D:4      | Reached * piety under Okawaru
  3043 | D:4      | Killed Eustachio
  3043 | D:4      | Reached XP level 7. HP: 36/59 MP: 7/7
  3202 | D:4      | Got a bound bone amulet
  3206 | D:4      | Noticed Blork the orc
  3212 | D:4      | Killed Blork the orc
  3212 | D:4      | Reached skill level 6 in Axes
  3639 | D:4      | Noticed Edmund
  3650 | D:4      | Killed Edmund
  3933 | D:4      | Found an ancient bone altar of Kikubaaqudgha.
  4220 | D:4      | Identified the amulet "Cehydd" {Gourm rF+} (You found it on
                  | level 4 of the Dungeon)
  4270 | D:5      | Entered Level 5 of the Dungeon
  4312 | D:5      | Found a stormy altar of Qazlal.
  4426 | D:5      | Found a shadowy altar of Dithmenos.
  4542 | D:5      | Found a shimmering altar of Xom.
  4756 | D:5      | Reached XP level 8. HP: 67/67 MP: 8/8
  4786 | D:5      | Found a glowing golden altar of the Shining One.
  4813 | D:5      | Reached ** piety under Okawaru
  4848 | D:5      | Found a bloodstained altar of Trog.
  4852 | D:5      | Reached skill level 7 in Axes
  4852 | D:5      | Reached skill level 5 in Dodging
  4918 | D:5      | Noticed a wizard
  4923 | D:5      | Killed a wizard
  4983 | D:6      | Noticed Prince Ribbit
  4999 | D:6      | Noticed Pikel
  5112 | D:5      | Killed Pikel
  5112 | D:5      | Reached *** piety under Okawaru
  5112 | D:5      | Reached skill level 5 in Fighting
  5112 | D:5      | Reached skill level 8 in Axes
  5336 | D:6      | Found a basalt altar of Yredelemnul.
  5348 | D:6      | Found an ornate altar of the Wu Jian Council.
  5406 | D:6      | Killed from afar by an electric eel

Skill      XL: |  1  2  3  4  5  6  7  8 |
---------------+-------------------------+-----
Axes           | 4 5 6 8 |  8.0
Armour         | 1 2 3 4 |  4.7
Fighting       | 3 4 5 |  5.4
Shields        | 1 2 3 4 |  4.4
Invocations    | 1 2 3 |  3.5
Dodging        | 4 5 |  5.6
Throwing       | 3 4 |  4.4

Action                   |  1- 3 |  4- 6 |  7- 9 || total
-------------------------+-------+-------+-------++-------
Melee: War axe           |    62 |   115 |   163 ||   340
       Headbutt          |     9 |    22 |    24 ||    55
Throw: Tomahawk          |       |       |     3 ||     3
  Use: Scroll            |     3 |     3 |       ||     6
       Potion            |       |       |     1 ||     1
  Eat: Chunk             |     1 |     6 |    20 ||    27
Armor: Leather armour    |    12 |       |       ||    12
       Ring mail         |    11 |    30 |    46 ||    87
Dodge: Dodged            |    53 |    35 |    60 ||   148
Block: Shield            |     6 |    61 |    84 ||   151
